Get step-by-step instructions on how to execute this build order below. Start the game timer, and the build order will tick by so you can play in parallel with StarCraft on a second screen or mobile device.

Game Time

  0:00

Last Step

  N/A

Next Step

Upcoming Step



Don't want to look back and forth between 2 screens? Try out our Overwolf App, the Spawning Tool Build Advisor to get an in-game overlay with this build!

Complete Build Order

  12  0:00  SCV  
  13  0:13  SCV  
  14  0:17  Supply Depot  
  14  0:25  SCV  
  15  0:39  SCV  
  15  0:40  Barracks  
  16  0:44  Refinery  
  16  0:51  SCV  
  16  0:52  Refinery  
  17  1:03  SCV  
  18  1:15  SCV  
  19  1:27  Orbital Command, Barracks Reactor  
  19  1:31  Supply Depot  
  19  1:42  Factory  
  19  1:53  SCV  
  20  2:04  Reaper  
  20  2:05  SCV  
  20  2:06  Reaper  
  23  2:17  SCV  
  24  2:25  Command Center  
  24  2:26  Hellion  
  24  2:29  SCV  
  27  2:34  Supply Depot  
  27  2:37  Reaper  
  27  2:40  Reaper  
  27  2:42  SCV  
  30  2:56  Hellion  
  30  2:57  Starport  
  32  2:59  SCV  
  33  3:10  Marine  
  33  3:12  Marine  
  35  3:13  SCV  
  35  3:19  Factory Tech Lab  
  35  3:29  Marine x2  
  37  3:36  Medivac  
  37  3:37  Orbital Command  
  39  3:44  Siege Tank  
  39  3:46  SCV  
  43  3:48  Marine x2  
  45  3:58  SCV, Supply Depot  
  46  4:03  SCV  
  46  4:06  Refinery  
  46  4:08  Starport Tech Lab  
  47  4:10  Marine x2  
  47  4:13  SCV  
  47  4:15  SCV  
  47  4:16  Cyclone  
  53  4:25  SCV  
  53  4:27  Raven, SCV  
  53  4:28  Interference Matrix  
  53  4:30  Supply Depot  
  57  4:31  Marine  
  57  4:32  Marine  
  57  4:37  SCV  
  60  4:39  SCV  
  61  4:49  SCV  
  62  4:56  SCV  
  62  4:58  Command Center  
  62  4:59  Factory Reactor  
  63  5:01  SCV  
  63  5:02  Barracks, Raven  
  63  5:06  Stimpack  
  66  5:08  SCV  
  68  5:14  Barracks  
  68  5:17  Supply Depot  
  68  5:18  SCV  
  68  5:21  SCV  
  69  5:30  SCV  
  69  5:31  Engineering Bay  
  69  5:32  Engineering Bay  
  70  5:38  SCV  
  70  5:42  SCV  
  72  5:43  Starport Reactor  
  69  5:50  SCV  
  69  5:51  Siege Tank  
  69  5:53  Marine  
  69  5:55  Bunker, Marine  
  75  5:59  SCV  
  75  6:02  Supply Depot  
  75  6:03  Refinery  
  76  6:09  Marine  
  76  6:11  Orbital Command  
  77  6:14  Marine  
  77  6:15  Marine  
  77  6:17  Marine  
  77  6:18  Supply Depot, Marine  
  81  6:26  Siege Tank  
  81  6:27  Marine, SCV  
  81  6:32  Marine x2  
  83  6:35  SCV, Marine  
  83  6:36  Marine  
  83  6:39  SCV  
  89  6:45  Marine  
  78  6:50  Marine x2  
  78  6:52  Marine  
  78  6:54  Medivac, Marine  
  74  6:56  Medivac  
  77  7:03  Marine  
  77  7:08  Marine x2  
  72  7:10  Marine  
  72  7:11  Marine  
  72  7:12  Siege Tank  
  74  7:21  Marine  
  68  7:23  SCV  
  68  7:26  Marine x2